 Dungeon Crawl Stone Soup version 0.28.0 (webtiles) character file.

Game seed: 16341646516136256865

251 ReploidZero the Covert (level 6, -5/33 (36) HPs)
             Began as a Kobold Brigand on Feb 9, 2022.
             Slain by a wight (7 damage)
             ... on level 4 of the Dungeon.
             The game lasted 00:11:08 (4667 turns).

ReploidZero the Covert (Kobold Brigand)             Turns: 4667, Time: 00:11:09

HP:   -5/33 (36)    AC:  5    Str:  8    XL:     6   Next: 36%
MP:   6/6           EV: 15    Int: 13    God:
Gold: 174           SH:  0    Dex: 18    Spells: 5/5 levels left

rFire   . . .      SeeInvis .   a - +4 short sword of Distraction {venom, rPois}
rCold   + . .      Faith    .   (no shield)
rNeg    . . .      Spirit   .   h - +0 robe
rPois   +          Reflect  .   (no helmet)
rElec   .          Harm     .   c - +0 cloak
rCorr   .          Rampage  .   r - +1 pair of gloves
Will    .....                   (no boots)
Stlth   +++++.....              (no amulet)
HPRegen 0.11/turn               f - ring of protection from cold
MPRegen 0.10/turn               (no ring)

@: drained
A: small, no large weapons, nightstalker 3
a: no special abilities


You were on level 4 of the Dungeon.
You visited 1 branch of the dungeon, and saw 4 of its levels.

You collected 174 gold pieces.

Inventory:

Hand Weapons
 a - the +4 short sword of Distraction (weapon) {venom, rPois}
   (You found it on level 4 of the Dungeon)

   It poisons the flesh of those it strikes.
   rPois:     It protects you from poison.
 b - a +2 dagger
 j - a +2 short sword of protection
Missiles
 d - 8 poisoned darts (quivered)
 e - 2 curare-tipped darts
Armour
 c - a +0 cloak (worn)
 h - a +0 robe (worn)
 r - a +1 pair of gloves (worn)
Jewellery
 f - a ring of protection from cold (left hand)
 n - a ring of flight
Wands
 t - a wand of charming (4)
Scrolls
 g - 5 scrolls of identify
 i - 2 scrolls of teleportation
Potions
 k - a potion of flight
 l - a potion of attraction {unknown}
 m - a potion of degeneration {unknown}
 o - 2 potions of haste {unknown}
 p - a potion of curing {unknown}
 q - a potion of mutation {unknown}
 s - a potion of brilliance {unknown}


   Skills:
 + Level 2.7 Fighting
 + Level 3.4 Short Blades
 - Level 2.1 Throwing
 + Level 2.2 Dodging
 + Level 9.2 Stealth


You had 5 spell levels left.
You didn't know any spells.
Your spell library contained the following spells:

 Spells                   Type           Power      Damage    Failure   Level
 Animate Skeleton         Necr           0%         N/A       30%         1
 Pain                     Necr           0%         1d4       30%         1
 Corpse Rot               Necr/Air       0%         N/A       43%         2
 Vampiric Draining        Necr           0%         2d6       67%         3
 Dispel Undead            Necr           0%         3d6       97%         4
 Summon Ice Beast         Ice/Summ       0%         N/A       97%         4
 Summon Mana Viper        Hex/Summ       0%         N/A       100%        5
 Death Channel            Necr           0%         N/A       100%        6
 Monstrous Menagerie      Summ           0%         N/A       100%        7


Dungeon Overview and Level Annotations

Branches:
Dungeon (4/15)
 Temple: D:4-7

Altars:

Annotations:
D:4 1 runed translucent door


Innate Abilities, Weirdness & Mutations

You are small and have problems with some larger weapons.
You are completely attuned to the shadows.


Message History

There is an open door here.
There is an open door here.
There is a stone staircase leading up here.
Aiming: Charm
Press: ? - help, Shift-Dir - straight line, f - wight
Aim: a wight, wielding a +0 long sword and wearing a +0 robe (chance to affect: 49%)
The wight is charmed.
You swap places.
A hound skeleton is nearby!
A hound skeleton is nearby!
You barely miss the hound skeleton. The hound skeleton closely misses you.
You hit the hound skeleton.
The hound skeleton is lightly damaged.
The hound skeleton bites you.
Your wight barely misses the hound skeleton.
The hound skeleton barely misses you.
You hit the hound skeleton.
The hound skeleton is heavily damaged.
Your wight hits the hound skeleton with a +0 long sword!
The hound skeleton bites you but does no damage.
You closely miss the hound skeleton.
The hound skeleton is almost destroyed.
Your wight barely misses the hound skeleton.
The hound skeleton misses you.
You hit the hound skeleton.
You destroy the hound skeleton!
Your life force feels restored.
No target in view!
No target in view!
The wight is no longer charmed.
The wight hits you with a +0 long sword!
You feel drained.
A wight is nearby!
A wight is nearby!
You hit the wight.
The wight is lightly damaged.
The wight hits you with a +0 long sword!
* * * LOW HITPOINT WARNING * * *
You feel drained.
You die...

.#........')..#..#....#....#
.######..##.>.#..#....'....#
####.##..##...#..#....#....#
...#..........#..#....#....#
...#..........#.)'....#....#
..##....###..######..##....#
####....####'######..##....#
..#......'............'....#
..'......#......@z<...#....#
..##....##...####.....#....#
..########...####...########
........#.Z..........#
........#............#
......J.#............#
.......z#............#
........#........[...#
..##...###.####.##..##


You could see a wight.

Vanquished Creatures
  2 iguanas (D:4)
  2 hound skeletons (D:4)
  5 adders
  4 worms
  3 dart slugs
  6 orcs
  7 bats
  6 endoplasms
  3 giant cockroaches
  7 goblins
  13 hobgoblins
  4 jackals (D:1)
  2 quokkas
  6 ball pythons
  5 frilled lizards
  13 kobolds
  24 rats
112 creatures vanquished.

Notes
Turn   | Place    | Note
-------+----------+-------------------------------------------
     0 | D:1      | ReploidZero the Kobold Brigand began the quest for the Orb.
     0 | D:1      | Reached XP level 1. HP: 12/12 MP: 1/1
   419 | D:1      | Reached XP level 2. HP: 17/17 MP: 2/2
   433 | D:1      | Reached skill level 6 in Stealth
   545 | D:1      | Reached XP level 3. HP: 21/21 MP: 3/3
   931 | D:1      | Reached skill level 7 in Stealth
  1409 | D:2      | Reached XP level 4. HP: 26/26 MP: 4/4
  1983 | D:2      | Reached skill level 8 in Stealth
  2317 | D:3      | Reached XP level 5. HP: 30/30 MP: 5/5
  3498 | D:4      | Reached skill level 9 in Stealth
  3671 | D:4      | Identified the +4 short sword of Distraction {venom, rPois}
  3975 | D:4      | Reached XP level 6. HP: 36/36 MP: 6/6
  4210 | D:4      | Identified the +1 chain mail "Ifiugie" {-Cast rElec rC+++
                  | Stlth-}
  4230 | D:4      | Found a runed translucent door.
  4667 | D:4      | Slain by a wight

Illustrated notes

Levels and vault maps discovered:
D:1:      dpeg_arrival_stonehenge_12_columns, layout_basic
D:2:      layout_rooms
D:3:      layout_loops_corners
D:4:      kennysheep_big_flooded_room, layout_gridville, ebering_ghost_sewer_f,
          minmay_rat_hole

Skill      XL: |  1  2  3  4  5  6 |
---------------+-------------------+-----
Stealth        | 6 7 8 9 |  9.2
Short Blades   | 3 |  3.4
Dodging        | 2 |  2.2
Fighting       | |  2.7
Throwing       | |  2.1

Action                   |  1- 3 |  4- 6 || total
-------------------------+-------+-------++-------
Melee: Dagger            |   119 |   131 ||   250
       Punch             |     1 |     1 ||     2
       Short sword       |       |    60 ||    60
Evoke: Wand              |       |     1 ||     1
  Use: Scroll            |     3 |     3 ||     6
       Potion            |       |     2 ||     2
 Stab: Sleeping          |    17 |    30 ||    47
Armor: Robe              |    20 |    37 ||    57
Dodge: Dodged            |    67 |    98 ||   165
